 Dungeon Crawl Stone Soup version 0.18-a0-1274-gbbc4967 (webtiles) character file.

8494 Grap the Basher (level 11, 0/94 HPs)
             Began as a Minotaur Gladiator on Feb 7, 2016.
             Was an Elder of Makhleb.
             Killed by vampiric draining
             ... invoked by a vampire
              (11 damage)
             ... on level 9 of the Dungeon.
             The game lasted 00:30:13 (10548 turns).

Grap the Basher (Minotaur Gladiator)               Turns: 10548, Time: 00:30:13

Health: 0/94       AC: 18    Str: 18    XL:     11   Next: 10%
Magic:  13/13      EV: 12    Int:  6    God:    Makhleb [****..]
Gold:   731        SH:  0    Dex: 17    Spells: 0 memorised, 10 levels left

rFire  . . .     SeeInvis .     O - +1 whip (venom)
rCold  . . .     Gourm    +     e - +3 chain mail {rPois}
rNeg   . . .     Faith    .     (no shield)
rPois  +         Spirit   .     c - +0 hat
rElec  .         Dismiss  .     v - +0 cloak
rCorr  .         Reflect  .     (no gloves)
SustAt .         Harm     .     (no boots)
MR     +....                    k - amulet of the gourmand
Stlth  ..........               A - ring of protection from magic
                                n - +4 ring of dexterity

@: somewhat resistant to hostile enchantments, extremely unstealthy
A: retaliatory headbutt, horns 2, thin metallic scales 1, mutation resistance 1,
weak 1
a: Minor Destruction, Lesser Servant of Makhleb, Major Destruction, Renounce
Religion


You were on level 9 of the Dungeon.
You worshipped Makhleb.
Makhleb was greatly pleased with you.
You were full.

You visited 2 branches of the dungeon, and saw 10 of its levels.
You also visited: Bailey.

You collected 731 gold pieces.

Inventory:

Hand Weapons
 a - a +1 flail of protection
 b - a +0 blowgun
 O - a +1 whip of venom (weapon)
Missiles
 d - 11 throwing nets
 j - 18 exploding sling bullets
 m - 330 stones
 p - 53 poisoned needles
 t - a poisoned tomahawk (quivered)
 x - 43 sling bullets
 J - 11 tomahawks
 S - 19 sling bullets of flame
Armour
 c - a +0 hat (worn)
 e - a +3 chain mail of poison resistance (worn)
 v - a +0 cloak (worn)
 D - the +0 ring mail of the Blind Marksman {rF+ SInv}
   (You found it on level 7 of the Dungeon)

   It protects you from fire.
   It lets you see invisible.
Jewellery
 k - an amulet of the gourmand (around neck)
 l - an uncursed amulet of rage
 n - a +4 ring of dexterity (left hand)
 A - a ring of protection from magic (right hand)
 C - an uncursed ring of resist corrosion
 G - an uncursed ring of fire
Wands
 F - a wand of teleportation (2/9)
 K - a wand of paralysis (18/24)
 P - a wand of polymorph (9/24)
 T - a wand of confusion (14/48)
Scrolls
 g - 2 scrolls of teleportation
 h - 2 scrolls of random uselessness
 i - a scroll of amnesia
 r - 3 scrolls of remove curse
 M - a scroll of enchant weapon
 R - a scroll of identify
Potions
 o - 3 potions of brilliance
 q - 3 potions of curing
 w - 3 potions of degeneration
 z - 2 potions of lignification
 E - a potion of resistance
 H - a potion of magic
 N - a potion of agility {unknown}
 Q - 2 potions of might
Books
 y - a book of Necromancy

   Spells                             Type                      Level
   a - Pain                           Necromancy                   1
   b - Animate Skeleton               Necromancy                   1
   c - Vampiric Draining              Necromancy                   3
   d - Regeneration                   Charms/Necromancy            3
   e - Animate Dead                   Necromancy                   4
   f - Control Undead                 Necromancy                   4
Comestibles
 f - 4 bread rations
 s - 2 beef jerkies
 u - 3 meat rations
 B - a slice of pizza
 L - a royal jelly


   Skills:
 + Level 8.2 Fighting
 - Level 12.3 Maces & Flails
 - Level 2.0 Throwing
 - Level 10.7 Armour
 + Level 7.9 Dodging
 * Level 5.2 Invocations


You had 10 spell levels left.
You didn't know any spells.

Dungeon Overview and Level Annotations

Branches:
Dungeon (9/15)             Temple (1/1) D:6            Lair (0/8) D:9
    Orc: D:9-12

Altars:
Ashenzari
Cheibriados
Dithmenos
Elyvilon
Fedhas
Gozag
Kikubaaqudgha
Makhleb
Nemelex Xobeh
Okawaru
Pakellas
Qazlal
Ru
Sif Muna
Trog
Vehumet
Xom
Yredelemnul
Zin
The Shining One

Shops:
D:4 (


Innate Abilities, Weirdness & Mutations

You reflexively headbutt those who attack you in melee.
You have a pair of horns on your head.
You are partially covered in thin metallic scales (AC +2).
You are somewhat resistant to further mutation.
You are weak. (Str -2)


Message History

Something draws strength from your injuries!
You hit something. You headbutt something. You miss something.
You headbutt something. Something hits you but does no damage.
Something bites you.
* * * LOW HITPOINT WARNING * * *
Something draws strength from your injuries!
You hit something but do no damage. You headbutt something! You hit something.
You headbutt something.
Unholy energy fills the air.
* * * LOW HITPOINT WARNING * * *
You miss something. You headbutt something. You miss something.
Something hits you but does no damage. Something bites you.
* * * LOW HITPOINT WARNING * * *
Something draws strength from your injuries!
You barely miss something. You headbutt something.
You hit something but do no damage. Something hits you.
* * * LOW HITPOINT WARNING * * *
Something bites you but does no damage.
You closely miss something. You miss something.
Unholy energy fills the air.
You die...

......#(.............#.....#.....
......#.(............#.....#.....
......#..............#.....#.....
......#..............#.....######
......#..)...#########.....#.....
......#....................#.....
......#....................#.....
##########+###.{.....#######.....
.#..............@....#.....#.....
.#.?.................#...........
.#...................#.......)...
.#...................#....)).....
.#....####'#################.....
.......#....#....................
.......#....#....................
.......#...>#..............######
.......#....#....................


There were no monsters in sight!

Vanquished Creatures
  Gastronok (D:8)
  Erica (D:8)
  Psyche (D:8)
  A two-headed ogre (D:8)
  Prince Ribbit (D:5)
  Grinder (D:5)
  Sigmund (D:5)
  Menkaure (D:5)
  Duvessa (D:5)
  2 porcupines (D:9)
  3 orc warriors
  A black bear (D:6)
  5 sky beasts
  2 phantoms
  The ghost of flyleaff the Charlatan, an amateur DDAr (D:3)
  2 ogres
  4 centaurs
  2 big kobolds
  6 giant frogs
  Dowan (D:5)
  9 gnoll sergeants
  3 scorpions
  5 wights
  3 crimson imps
  5 giant frog zombies
  A centaur zombie (D:7)
  6 hounds
  2 jellies
  An orc priest (D:6)
  6 gnoll shamans (Bailey)
  2 giant frog skeletons
  2 iguanas
  Ijyb (D:2)
  Natasha (thrice) (D:2)
  6 orc wizards
  2 worker ants
  2 hound zombies
  2 worker ant zombies (D:4)
  18 gnolls
  10 adders
  2 river rats (D:9)
  A shadow imp (D:9)
  5 adder zombies
  4 adder skeletons
  2 worms
  2 giant geckos
  12 orcs
  2 giant cockroaches
  10 goblins
  5 hobgoblins
  6 jackals
  A quokka (D:4)
  A ball python (D:5)
  7 bats
  A giant gecko skeleton (D:4)
  A giant gecko zombie (D:4)
  8 giant newts
  A jackal skeleton (D:4)
  2 jackal zombies
  17 kobolds
  2 quokka skeletons
  A quokka zombie (D:6)
  5 rats
225 creatures vanquished.

Vanquished Creatures (collateral kills)
  A porcupine (D:9)
  A crimson imp (D:9)
  2 quokkas (D:9)
  A rat (D:9)
5 creatures vanquished.

Grand Total: 230 creatures vanquished

Notes
Turn   | Place    | Note
--------------------------------------------------------------
     0 | D:1      | Grap the Minotaur Gladiator began the quest for the Orb.
     0 | D:1      | Reached XP level 1. HP: 18/18 MP: 0/0
   176 | D:1      | Reached skill level 4 in Maces & Flails
   176 | D:1      | Reached XP level 2. HP: 16/25 MP: 1/1
   710 | D:1      | Reached XP level 3. HP: 28/31 MP: 2/2
   870 | D:2      | Noticed Natasha
   879 | D:2      | Killed Natasha
   879 | D:2      | Reached skill level 5 in Maces & Flails
   894 | D:2      | Noticed Natasha
   898 | D:2      | Killed Natasha
   898 | D:2      | Reached XP level 4. HP: 20/40 MP: 3/3
   967 | D:2      | Noticed Ijyb
   977 | D:2      | Killed Ijyb
  1226 | D:2      | Found a shimmering altar of Xom.
  1234 | D:2      | Found a bloodstained altar of Trog.
  1692 | D:2      | Noticed Natasha
  1697 | D:2      | Killed Natasha
  1697 | D:2      | Reached skill level 6 in Maces & Flails
  1697 | D:2      | Reached XP level 5. HP: 40/46 MP: 4/4
  1927 | D:3      | Noticed flyleaff's ghost (amateur DDAr)
  1940 | D:3      | Killed flyleaff's ghost
  1972 | D:3      | Found a sparkling altar of Nemelex Xobeh.
  2284 | D:3      | Found a shadowy altar of Dithmenos.
  2284 | D:3      | Found a sacrificial altar of Ru.
  2875 | D:4      | Reached XP level 6. HP: 53/55 MP: 5/5
  2881 | D:4      | Reached skill level 5 in Fighting
  2881 | D:4      | Reached skill level 7 in Maces & Flails
  2916 | D:4      | Reached skill level 1 in Armour
  3187 | D:4      | Found Nukegaq's Antique Weapon Boutique.
  3528 | D:5      | Entered Level 5 of the Dungeon
  3529 | D:5      | Noticed Grinder
  3537 | D:5      | Killed Grinder
  3537 | D:5      | Reached skill level 8 in Maces & Flails
  3537 | D:5      | Reached XP level 7. HP: 61/61 MP: 6/6
  3590 | D:5      | Reached skill level 9 in Maces & Flails
  3629 | D:5      | Noticed Menkaure
  3638 | D:5      | Killed Menkaure
  3769 | D:5      | Noticed Duvessa
  3769 | D:5      | Noticed Dowan
  3789 | D:5      | Killed Duvessa
  3789 | D:5      | Reached XP level 8. HP: 60/68 MP: 7/7
  3797 | D:5      | Killed Dowan
  3797 | D:5      | Reached skill level 10 in Maces & Flails
  3955 | D:5      | Reached skill level 5 in Armour
  4091 | D:5      | Gained mutation: You are weak. (Str -2) [mutagenic meat]
  4092 | D:5      | Gained mutation: You are partially covered in thin metallic scales (AC +2). [mutagenic meat]
  4093 | D:5      | Gained mutation: You are somewhat resistant to further mutation. [mutagenic meat]
  4430 | D:5      | Noticed Prince Ribbit
  4444 | D:5      | Killed Prince Ribbit
  4444 | D:5      | Reached skill level 11 in Maces & Flails
  4901 | D:5      | Noticed Sigmund
  4916 | D:5      | Killed Sigmund
  5080 | D:6      | Reached XP level 9. HP: 74/74 MP: 8/8
  5125 | D:6      | Found a staircase to the Ecumenical Temple.
  5132 | Temple   | Entered the Ecumenical Temple
  5168 | Temple   | Became a worshipper of Makhleb the Destroyer
  5324 | D:6      | Reached skill level 12 in Maces & Flails
  5630 | D:7      | Reached * piety under Makhleb
  5673 | D:7      | Found an opulent altar of Gozag.
  6378 | D:7      | Got a bronze ring mail
  6389 | D:7      | Identified the +0 ring mail of the Blind Marksman {rF+ SInv} (You found it on level 7 of the Dungeon)
  6432 | D:7      | come back for loot
  6432 | D:7      | with rCooo preferably
  6639 | D:7      | Found a glowing golden altar of the Shining One.
  6639 | D:7      | Found a deep blue altar of Sif Muna.
  6677 | D:8      | Noticed Gastronok
  6704 | D:8      | Killed Gastronok
  6704 | D:8      | Reached skill level 10 in Armour
  6704 | D:8      | Reached XP level 10. HP: 54/81 MP: 9/9
  6843 | D:8      | Reached ** piety under Makhleb
  6902 | D:8      | Noticed Psyche
  6916 | D:8      | Killed Psyche
  6917 | D:8      | Found a flagged portal.
  6921 | D:8      | Noticed Erica
  6923 | Bailey   | Entered a bailey
  7122 | Bailey   | oh boy time to die here again
  7213 | Bailey   | Reached skill level 1 in Invocations
  8787 | D:8      | I made it! RIP healing pots
  8813 | D:8      | Reached *** piety under Makhleb
  8836 | D:8      | Killed Erica
  9518 | D:9      | Reached XP level 11. HP: 92/94 MP: 13/13
  9750 | D:9      | Found a staircase to the Lair.
  9762 | D:9      | Reached skill level 5 in Invocations
 10245 | D:9      | Reached **** piety under Makhleb
 10548 | D:9      | Killed from afar by a vampire

Vault maps used:
D:1:      ncdulo_halloftheorcs, minmay_misc_feat_diagonals,
          kennysheep_crisscross
D:2:      minitemple, uniq_iyjb, uniq_natasha
D:3:      minmay_door_path, gammafunk_temple_overflow_elements,
          nemelex_xobeh_ov_fountains_minmay
D:4:      serial_shops, kennysheep_mini, serial_undead, serial_undead_b,
          serial_undead_c, serial_undead_d, serial_undead_e
D:5:      first_bread, uniq_duvessa, uniq_prince_ribbit1, uniq_grinder,
          uniq_sigmund, uniq_menkaure
D:6:      temple_statues
D:7:      lemuel_ice_spiral_2, nicolae_gozag_cash_rules_everything_around_me,
          amethyst_overflow_temple_binary
D:8:      enter_bailey_2, uniq_erica, uniq_psyche, uniq_gastronok
D:9:      dpeg_lair_monsters, hangedman_ranch
Temple:   circular_temple_13
Bailey:   bailey_polearm_gnolls_kennysheep, bailey

Action                   |  1- 3 |  4- 6 |  7- 9 | 10-12 || total
-------------------------+-------+-------+-------+-------++-------
Melee: Flail             |    38 |   136 |   175 |       ||   349
       Whip              |       |       |   101 |   462 ||   563
Throw: Stone             |       |       |     6 |     2 ||     8
       Throwing net      |       |       |     3 |     1 ||     4
       Tomahawk          |       |       |     1 |    21 ||    22
Invok: Minor Destruction |       |       |       |     5 ||     5
Evoke: Wand              |       |       |       |     2 ||     2
  Use: Potion            |       |     1 |     2 |    11 ||    14
       Scroll            |       |       |    18 |     6 ||    24
 Stab: Sleeping          |     1 |     3 |     2 |       ||     6
       Held in net/web   |       |       |     8 |       ||     8
  Eat: Chunk             |    10 |     8 |     8 |    21 ||    47
       Fruit             |       |       |       |     2 ||     2
